 Dungeon Crawl Stone Soup version 0.22.0-38-g04b72b8c25 (webtiles) character file.

39 Jynx the Gusty (level 3, 0/19 HPs)
             Began as a Tengu Air Elementalist on Aug 29, 2018.
             Slain by an ooze (3 damage)
             ... on level 2 of the Dungeon.
             The game lasted 00:03:49 (1550 turns).

Jynx the Gusty (Tengu Air Elementalist)             Turns: 1550, Time: 00:03:49

Health: 0/19       AC:  2    Str:  8    XL:     3   Next: 47%
Magic:  0/7        EV: 12    Int: 16    God:
Gold:   22         SH:  0    Dex: 14    Spells: 3/6 levels left

rFire    . . .     SeeInvis .   f - +0 short sword
rCold    . . .     Gourm    .   (no shield)
rNeg     . . .     Faith    .   a - +0 robe
rPois    .         Spirit   .   (helmet restricted)
rElec    .         Reflect  .   (no cloak)
rCorr    .         Harm     .   (no gloves)
MR       .....                  (boots unavailable)
Stlth    ++........             (no amulet)
HPRegen  0.06/turn              (no ring)
MPRegen  0.10/turn              (no ring)

@: lethally poisoned (0 -> -4), very slightly contaminated
A: beak, talons 3
a: no special abilities


You were on level 2 of the Dungeon.
You were not hungry.

You visited 1 branch of the dungeon, and saw 2 of its levels.

You collected 22 gold pieces.

Inventory:

Hand Weapons
 b - a +0 dagger
 f - a +0 short sword (weapon)
Armour
 a - a +0 robe (worn)
Scrolls
 h - a scroll of remove curse {unknown}
Potions
 d - a potion of curing
 e - a potion of lignification {unknown}
Comestibles
 c - 3 rations
 g - 3 chunks of flesh


   Skills:
 + Level 0.5 Short Blades
 - Level 2.1 Dodging
 - Level 2.0 Stealth
 + Level 2.4 Spellcasting
 + Level 2.3 Conjurations
 * Level 5.0 Air Magic


You had 3 spell levels left.
You knew the following spells:

 Your Spells              Type           Power        Failure   Level  Hunger
a - Shock                 Conj/Air       ##..         4%          1    #......
b - Swiftness             Chrm/Air       #.......     11%         2    ###....

Your spell library contained the following spells:

 Spells                   Type           Power        Failure   Level  Hunger
 Static Discharge         Conj/Air       ##......     13%         3    ###....
 Airstrike                Air            ###.......   26%         4    #####..
 Lightning Bolt           Conj/Air       ##........   77%         5    ######.


Dungeon Overview and Level Annotations

Branches:
Dungeon (2/15)

Altars:


Innate Abilities, Weirdness & Mutations

You have a beak for a mouth.
You have claws for feet.


Message History

You feel sick. The adder bites you but does no damage.
* * * LOW HITPOINT WARNING * * *
You feel sick.
Casting: Shock (safe; 4% risk of failure)
Confirm with . or Enter, or press ? or * to list all spells.
Aiming: Shock (safe; 4% risk of failure)
Press: ? - help, Shift-Dir - straight line, f/p - adder
Aim: an adder (heavily wounded)
The zap misses the adder.
The adder closely misses you. The ooze misses you. The adder misses you.
Casting: Shock (safe; 4% risk of failure)
Confirm with . or Enter, or press ? or * to list all spells.
Aiming: Shock (safe; 4% risk of failure)
Press: ? - help, Shift-Dir - straight line, f/p - adder
Aim: an adder (heavily wounded)
The zap hits the adder.
The adder is severely wounded.
* * * LOW HITPOINT WARNING * * *
You feel sick. The adder barely misses you. The ooze hits you.
You die...

#.....###...###.###..
#..†......†..........
###....................
#......................
#......................
#...................#..
#..............)....#..
####..SJ............#..
#..@.............#..
#########....###.....†...#..
#...........................
###.#####....########...##..
#.# ###### #...##.. #.#
#...##.. #.# #...#### #.#
...# #.# ##########...#


You could see an ooze and an adder.

Vanquished Creatures
  A dart slug (D:1)
  3 leopard geckos
  3 bats
  2 giant cockroaches (D:1)
  7 goblins (D:1)
  5 hobgoblins
  3 jackals (D:1)
  A ball python (D:1)
  3 frilled lizards
  3 kobolds (D:1)
  A rat (D:1)
32 creatures vanquished.

Notes
Turn   | Place    | Note
-------+----------+-------------------------------------------
     0 | D:1      | Jynx the Tengu Air Elementalist began the quest for the Orb.
     0 | D:1      | Reached XP level 1. HP: 10/10 MP: 4/4
   206 | D:1      | Reached XP level 2. HP: 15/15 MP: 0/6
   436 | D:1      | Learned a level 2 spell: Swiftness
   881 | D:1      | Reached XP level 3. HP: 10/19 MP: 1/7
  1457 | D:2      | Reached skill level 5 in Air Magic
  1550 | D:2      | Slain by an ooze

Skill      XL: |  1  2  3 |
---------------+----------+-----
Conjurations   | 2 |  2.3
Air Magic      | 5 |  5.0
Short Blades   | |  0.5
Dodging        | |  2.1
Stealth        | |  2.0
Spellcasting   | |  2.4

Action                   || total
-------------------------++-------
Melee: Unarmed           ||    12
       Kick              ||    15
       Peck              ||     7
       Dagger            ||    29
       Short sword       ||    26
 Cast: Shock             ||    31
  Use: Potion            ||     1
 Stab: Sleeping          ||     4
  Eat: Chunk             ||     2
Armor: Robe              ||    13
Dodge: Dodged            ||    66
